 Dungeon Crawl Stone Soup version 0.22-a0-800-g058c00f (webtiles) character file.

69 royokou the Chopper (level 4, 0/39 HPs)
             Began as a Hill Orc Monk on July 21, 2018.
             Was a Believer of Makhleb.
             Succumbed to Crazy Yiuf's poison
             ... on level 2 of the Dungeon.
             The game lasted 00:02:52 (1818 turns).

royokou the Chopper (Hill Orc Monk)                 Turns: 1818, Time: 00:02:52

Health: 0/39       AC:  5    Str: 14    XL:     4   Next: 20%
Magic:  4/4        EV: 11    Int: 10    God:    Makhleb [**....]
Gold:   160        SH:  0    Dex: 13    Spells: 3/3 levels left

rFire    . . .     SeeInvis .   a - +0 hand axe
rCold    . . .     Gourm    .   (no shield)
rNeg     . . .     Faith    .   d - +0 ring mail
rPois    .         Spirit   .   (no helmet)
rElec    .         Reflect  .   (no cloak)
rCorr    .         Harm     .   (no gloves)
MR       .....                  (no boots)
Stlth    +.........             (no amulet)
HPRegen  0.13/turn              (no ring)
MPRegen  0.09/turn              (no ring)

@: lethally poisoned (0 -> -6), very slightly contaminated, invisible
A: no striking features
a: Minor Destruction, Renounce Religion


You were on level 2 of the Dungeon.
You worshipped Makhleb.
Makhleb was pleased with you.
You were not hungry.

You visited 1 branch of the dungeon, and saw 2 of its levels.

You collected 160 gold pieces.

Inventory:

Hand Weapons
 a - a +0 hand axe (weapon)
Armour
 b - a +0 robe
 d - a +0 ring mail (worn)
Scrolls
 f - a scroll of magic mapping {unknown}
 g - a scroll of amnesia {unknown}
 i - a scroll of teleportation {unknown}
 j - a scroll of remove curse {unknown}
 k - a scroll of identify {unknown}
 l - a scroll of immolation {unknown}
Potions
 e - a potion of magic {unknown}
 h - a potion of cancellation {unknown}
Comestibles
 c - 5 rations


   Skills:
 - Level 3.6 Fighting
 + Level 6.5 Axes
 - Level 2.4 Dodging
 - Level 1.5 Stealth


You had 3 spell levels left.
You didn't know any spells.
Your spell library was empty.

Dungeon Overview and Level Annotations

Branches:
Dungeon (2/15)

Altars:
Makhleb
Vehumet

Annotations:
D:2 Crazy Yiuf


Message History

You feel sick.
Crazy Yiuf cries, "Papa water bag!"
Crazy Yiuf hits you with a quarterstaff of chaos!
You fade into invisibility!
You are very lightly contaminated with residual magic.
You hit Crazy Yiuf but do no damage.
Crazy Yiuf is moderately wounded.
Crazy Yiuf hits you with a quarterstaff of chaos!
* * * LOW HITPOINT WARNING * * *
Crazy Yiuf freezes you.
* * * LOW HITPOINT WARNING * * *
You hit Crazy Yiuf but do no damage.
Crazy Yiuf is moderately wounded.
* * * LOW HITPOINT WARNING * * *
You feel sick.
Crazy Yiuf hits you with a quarterstaff of chaos.
* * * LOW HITPOINT WARNING * * *
You hit Crazy Yiuf.
Crazy Yiuf is moderately wounded.
You die...

..............#
........#####.#
........##....#
.......########
###.####
###.##########
.......#.P)#)### ####
.....#..)P.)#))##)))#
....()...).####)@g).#
.......#.)## ###)))#
.....#.#### ####
.......# ###....#
#...### ####
#...####.# #..#
#..<.....# ##.#
#...###### #.#


You could see Crazy Yiuf.

Vanquished Creatures
  A gnoll (D:2)
  2 adders (D:2)
  4 dart slugs
  2 leopard geckos
  A ball python (D:1)
  2 giant cockroaches
  3 hobgoblins (D:1)
  A jackal (D:2)
  6 kobolds
  7 bats
  A frilled lizard (D:1)
  3 rats
33 creatures vanquished.

Notes
Turn   | Place    | Note
-------+----------+-------------------------------------------
     0 | D:1      | royokou the Hill Orc Monk began the quest for the Orb.
     0 | D:1      | Reached XP level 1. HP: 19/19 MP: 1/1
   334 | D:1      | Reached XP level 2. HP: 24/26 MP: 2/2
   415 | D:1      | Reached skill level 5 in Axes
   875 | D:2      | Reached XP level 3. HP: 31/31 MP: 3/3
  1177 | D:2      | Reached skill level 6 in Axes
  1280 | D:2      | Found a radiant altar of Vehumet.
  1287 | D:2      | Found a burning altar of Makhleb.
  1347 | D:2      | Became a worshipper of Makhleb the Destroyer
  1347 | D:2      | Reached * piety under Makhleb
  1347 | D:2      | Reached ** piety under Makhleb
  1445 | D:2      | Reached XP level 4. HP: 21/39 MP: 4/4
  1805 | D:2      | Found a runed door.
  1809 | D:2      | Noticed Crazy Yiuf
  1817 | D:2      | HP: 1/39 [Crazy Yiuf/quarterstaff of chaos (1)]
  1818 | D:2      | Succumbed to Crazy Yiuf's poison

Vault maps used:
D:1:      dpeg_arrival_tiny_k
D:2:      minitemple, cheibrodos_gnoll_hut, uniq_crazy_yiuf_cottage

Skill      XL: |  1  2  3 |
---------------+----------+-----
Axes           | 5 6 |  6.5
Fighting       | |  3.6
Dodging        | |  2.4
Stealth        | |  1.5

Action                   |  1- 3 |  4- 6 || total
-------------------------+-------+-------++-------
Melee: Hand axe          |   115 |    22 ||   137
  Eat: Chunk             |     2 |     1 ||     3
Armor: Ring mail         |    37 |     6 ||    43
Dodge: Dodged            |    71 |     6 ||    77

Table legend:
 A = Spawn XP
 B = Non-spawn XP
 C = Spawn XP percentage of total XP
 D = Spawn monster count
 E = Non-spawn monster count
 F = Spawn count percentage of total count
 G = Total turns spent on level
                    A         B        C        D         E        F      G
               +---------+---------+-------+---------+---------+-------+---------
         Total |       0 |      99 |   0.0 |       0 |      33 |   0.0 |  1818
               +---------+---------+-------+---------+---------+-------+---------
           D:1 |       0 |      33 |   0.0 |       0 |      17 |   0.0 |   865
           D:2 |       0 |      66 |   0.0 |       0 |      16 |   0.0 |   953
               +---------+---------+-------+---------+---------+-------+---------
